 Dungeon Crawl Stone Soup version 0.14-a0-1570-g671a4b6 (webtiles) character file.

135 M4edhros the Insei (level 4, -13/28 HPs)
             Began as an Octopode Transmuter on Dec 21, 2013.
             Mangled by a gnoll
             ... wielding a +0,+1 halberd
              (16 damage)
             ... on Level 2 of the Dungeon.
             The game lasted 00:02:00 (1571 turns).

M4edhros the Insei (Octopode Transmuter)            Turns: 1571, Time: 00:02:01

HP -13/28        AC  1     Str  7 (9)  XL: 4   Next: 36%
MP   6/7         EV  6     Int 16      God:
Gold 57          SH  0     Dex 12      Spells:  1 memorised,  6 levels left

rFire  . . .     SeeInvis .       - Unarmed
rCold  . . .     Clarity  .     (no shield)
rNeg   . . .     Conserve .     (helmet restricted)
rPois  .         rCorr    .     (no amulet)
rElec  .         rRot     .     (no ring)
SustAb . .       Spirit   .     (no ring)
rMut   .         Warding  .     (no ring)
Saprov . . .     Stasis   .     (no ring)
                                (no ring)
                                (no ring)
                                (no ring)
                                (no ring)

@: appendage (expiring), held, slightly resistant to hostile enchantments,
fairly stealthy
A: almost no armour, amphibious, 8 rings, constrict 8, spike 3, camouflage 1,
gelatinous body 1
a: End Transformation


You were on level 2 of the Dungeon.
You were very hungry.
One of your tentacles had a temporary spike.
You visited 1 branch of the dungeon, and saw 2 of its levels.

You collected 57 gold pieces.

Inventory:

Missiles
 b - 12 arrows
Comestibles
 a - 2 bread rations
 f - a choko
 j - a rotting chunk of rat flesh
Scrolls
 c - a scroll of curse weapon {unknown}
 e - 2 scrolls of identify {unknown}
 g - 2 scrolls of random uselessness {unknown}
 h - a scroll of fear {unknown}
 i - a scroll of teleportation {unknown}
 l - a scroll of amnesia {unknown}
 n - a scroll of remove curse {unknown}
 o - a scroll of curse armour {unknown}
Potions
 m - a potion of restore abilities
Books
 d - a book of Changes

   Spells                             Type                      Level
   *Beastly Appendage                 Transmutation                1
   Sticks to Snakes                   Transmutation                2
   Spider Form                        Transmutation/Poison         3
   Ice Form                           Ice/Transmutation            4
   Blade Hands                        Transmutation                5


   Skills:
 - Level 1.0 Fighting
 - Level 2.0 Dodging
 + Level 5.0 Unarmed Combat
 - Level 2.0 Spellcasting
 - Level 2.0 Transmutations


You had 6 spell levels left.
You knew the following spells:

 Your Spells              Type           Power        Failure   Level  Hunger
a - Beastly Appendage     Trmt           #.....       10%         1    #......


Dungeon Overview and Level Annotations

Branches:
Dungeon (2/16)

Altars:
the Shining One


Innate Abilities, Weirdness & Mutations

You cannot wear most types of armour.
You are amphibious.
You can wear up to eight rings at the same time.
You can use your tentacles to constrict many enemies at once.
Your skin changes colour to match your surroundings (Stlth).
Your rubbery body absorbs attacks (AC +1).
One of your tentacles bears a large vicious spike.


Message History

Your Unarmed Combat skill increases to level 5!
The gnoll hits you with a halberd!
There is an open door, spattered with blood here.
You see here a club.
You hit the gnoll. You grab the gnoll.
You pierce the gnoll.
The gnoll is severely wounded.
You constrict the gnoll. The gnoll hits you with a halberd.
* * * LOW HITPOINT WARNING * * *
The gnoll throws a throwing net.
The throwing net hits you!
You become entangled in the net!
* * * LOW HITPOINT WARNING * * *
Drink which item? (? for menu, Esc to quit)
Okay, then.
Read which item? (? for menu, Esc to quit)
Okay, then.
You struggle against the net.
Your transformation is almost over.
You constrict the gnoll. The gnoll hits you with a halberd!
Ouch! That really hurt!
You die...

#........# ##...
#........# #..##
#.......g#####.##
#.........g.g<.#
#....<...#######
#####.#### ##..g.#
#g.### ####
##@####### #...
#......>.#######...
#........'....##...
#........####..%...
#........# ####...
#........# #...
#........# #...
#####'#### #...
#...# #...


You could see 2 gnolls.

Vanquished Creatures
  A gnoll (D:2)
  2 adders (D:2)
  A giant gecko (D:1)
  An ooze (D:1)
  11 goblins
  8 hobgoblins
  A ball python (D:1)
  5 bats
  2 giant cockroaches (D:2)
  A giant newt (D:2)
  10 kobolds
  7 rats
50 creatures vanquished.

Notes
Turn   | Place    | Note
--------------------------------------------------------------
     0 | D:1      | M4edhros, the Octopode Transmuter, began the quest for the Orb.
     0 | D:1      | Reached XP level 1. HP: 13/13 MP: 3/3
   166 | D:1      | Reached XP level 2. HP: 18/18 MP: 4/4
   506 | D:1      | Reached skill level 4 in Unarmed Combat
   528 | D:1      | Reached XP level 3. HP: 19/23 MP: 6/6
   672 | D:1      | Found a glowing golden altar of the Shining One.
  1191 | D:2      | Reached XP level 4. HP: 26/28 MP: 7/7
  1568 | D:2      | Reached skill level 5 in Unarmed Combat
  1571 | D:2      | Mangled by a gnoll

Action                   |  1- 3 |  4- 6 || total
-------------------------+-------+-------++-------
Melee: Unarmed           |    74 |    28 ||   102
 Cast: Beastly Appendage |     2 |     2 ||     4
  Use: Potion            |     3 |     2 ||     5
 Stab: Sleeping          |     4 |     2 ||     6
